 Dungeon Crawl Stone Soup version 0.22.0 (webtiles) character file.

13399 wojtek the Cleaver (level 11, 0/94 HPs)
             Began as a Minotaur Fighter on Aug 11, 2018.
             Was a High Priest of Makhleb.
             Engulfed by a cloud of freezing vapour (21 damage)
             ... in an ice cave.
             The game lasted 00:19:42 (9382 turns).

wojtek the Cleaver (Minotaur Fighter)               Turns: 9382, Time: 00:19:42

Health: 0/94       AC: 24    Str: 29    XL:     11   Next: 75%
Magic:  16/16      EV: 12    Int:  2    God:    Makhleb [*****.]
Gold:   325        SH: 20    Dex: 18    Spells: 10/10 levels left

rFire    . . .     SeeInvis +   a - +3 war axe
rCold    . . .     Gourm    .   Q - +2 large shield {AC+3}
rNeg     + . .     Faith    .   m - +0 chain mail (curse)
rPois    .         Spirit   .   i - +2 hat
rElec    .         Reflect  .   r - +0 cloak
rCorr    .         Harm     .   P - +2 pair of gloves of Weightlessness {rN+ Str+5 Stlth+}
MR       +....                  c - +2 pair of boots {run}
Stlth    ..........             (no amulet)
HPRegen  0.25/turn              v - ring of Rarghe {MR+ Int-3 Dex+8 SInv}
MPRegen  0.15/turn              N - +2 ring of evasion

@: quick
A: retaliatory headbutt, horns 2
a: Minor Destruction, Lesser Servant of Makhleb, Major Destruction, Greater
Servant of Makhleb, Renounce Religion


You were in an ice cave.
You worshipped Makhleb.
Makhleb was extremely pleased with you.
You were hungry.

You visited 2 branches of the dungeon, and saw 12 of its levels.
You also visited: Sewer and Ice Cave.

You collected 767 gold pieces.
You spent 442 gold pieces at shops.

Inventory:

Hand Weapons
 a - a +3 war axe (weapon)
 F - a +0 hand axe of draining
Armour
 c - a +2 pair of boots of running (worn)
 i - a +2 hat (worn)
 m - a cursed +0 chain mail (worn)
 r - a +0 cloak (worn)
 P - the +2 pair of gloves of Weightlessness (worn) {rN+ Str+5 Stlth+}
   (You bought it in a shop on level 10 of the Dungeon)

   It affects your strength (+5).
   It protects you from negative energy.
   It makes you more stealthy.
 Q - a +2 large shield of protection (worn)
Jewellery
 g - an uncursed ring of positive energy
 v - the ring of Rarghe (left hand) {MR+ Int-3 Dex+8 SInv}
   (You found it on level 4 of the Dungeon)

   [ring of protection from magic]

   It affects your intelligence (-3).
   It affects your dexterity (+8).
   It affects your resistance to hostile enchantments.
   It lets you see invisible.
 x - an uncursed ring of flight
 N - a +2 ring of evasion (right hand)
Wands
 t - a wand of acid (4)
 I - a wand of disintegration (17)
 K - a wand of flame (58)
 L - a wand of clouds (5)
 O - a wand of random effects (23)
Scrolls
 e - a scroll of fear {unknown}
 h - 2 scrolls of fog
 l - 6 scrolls of teleportation
 n - 3 scrolls of enchant armour
 p - 5 scrolls of remove curse
 w - 3 scrolls of blinking
 C - a scroll of noise {unknown}
 G - 3 scrolls of immolation
 H - a scroll of enchant weapon {unknown}
 J - 2 scrolls of holy word {unknown}
Potions
 b - 8 potions of curing
 d - 3 potions of might
 j - 2 potions of brilliance
 k - 3 potions of agility
 o - 2 potions of invisibility
 q - 2 potions of haste
 u - a potion of ambrosia {unknown}
 z - a potion of berserk rage {unknown}
 A - a potion of flight
 B - a potion of heal wounds
 D - 3 potions of mutation
 E - a potion of degeneration {unknown}
Miscellaneous
 M - a lamp of fire (inert)
Comestibles
 f - 23 rations


   Skills:
 + Level 8.3 Fighting
 + Level 11.7 Axes
 + Level 8.3 Armour
 + Level 6.6 Dodging
 + Level 8.2 Shields
 + Level 8.9 Invocations
 + Level 5.6 Evocations


You had 10 spell levels left.
You didn't know any spells.
Your spell library contained the following spells:

 Spells                   Type           Power        Failure   Level  Hunger
 Fireball                 Conj/Fire      #.........   100%        5    ######.
 Conjure Flame            Conj/Fire      #.......     100%        3    ####...
 Confuse                  Hex            #.......     100%        3    ####...
 Throw Flame              Conj/Fire      #.....       100%        2    ###....
 Sticky Flame             Conj/Fire      #.......     100%        4    #####..
 Confusing Touch          Hex            #.....       100%        1    ##.....
 Flame Tongue             Conj/Fire      #....        100%        1    ##.....
 Metabolic Englaciation   Hex/Ice        #.........   100%        5    ######.
 Petrify                  Tmut/Erth      #.......     100%        4    #####..
 Inner Flame              Hex/Fire       #.......     100%        3    ####...
 Gell's Gravitas          Tloc           #.........   100%        3    ####...
 Yara's Violent Unravell  Hex/Tmut       #.........   100%        5    ######.


Dungeon Overview and Level Annotations

Branches:
Dungeon (11/15)            Temple (0/1) D:5            Lair (1/6) D:11
    Orc (0/2) D:11

Altars:
Ashenzari
Cheibriados
Dithmenos
Elyvilon
Fedhas
Gozag
Hepliaklqana
Kikubaaqudgha
Makhleb
Sif Muna
Vehumet
Xom
The Shining One

Shops:
D:10 ([   D:11 *

Annotations:
D:11 4 runed doors


Innate Abilities, Weirdness & Mutations

You reflexively headbutt those who attack you in melee.
You have a pair of horns on your head.


Message History

You hit the ice devil. Your headbutt misses the ice devil.
The ice devil is heavily wounded.
The ice devil hits you.
* * * LOW HITPOINT WARNING * * *
The ice devil freezes you!
* * * LOW HITPOINT WARNING * * *
You feel much better. The ice devil barely misses you.
You slice the ice devil!!
You kill the ice devil!
Makhleb accepts your kill.
You feel better.
You start resting.
You are engulfed in freezing vapours.
You are engulfed in freezing vapours.
Really walk into that cloud of freezing vapour?
You are engulfed in freezing vapours.
You are engulfed in freezing vapours.
* * * LOW HITPOINT WARNING * * *
You are engulfed in freezing vapours.
You die...

### ...## ..#### #..§#
.....###########§§§##
#.........##...##§≈.##
##.#............###§§#
######..##.....##..§#
#...##....####§§##
#...###.###.§§###
##....###...@##
##........###
###....### ######


There were no monsters in sight!

Vanquished Creatures
  An unseen horror (D:10)
  Pikel (D:6)
  A centaur zombie (D:10)
  2 ice statues (IceCv)
  2 rime drakes (Lair:1)
  4 ice devils (IceCv)
  2 trolls (D:10)
  Prince Ribbit (D:7)
  A hornet (D:11)
  4 hippogriffs
  Sigmund (D:6)
  A spriggan (D:9)
  A wraith (D:11)
  4 yaks (D:8)
  2 hungry ghosts
  Menkaure (D:7)
  An acid dragon (D:10)
  2 water moccasins
  An ice beast (D:8)
  A porcupine (Lair:1)
  5 sky beasts
  A slave (D:6)
  8 orc warriors
  A black bear (D:6)
  A hornet zombie (D:10)
  5 ogres
  4 phantoms
  9 centaurs
  2 big kobolds
  8 bullfrogs
  A wyvern skeleton (D:9)
  2 scorpions
  8 killer bees
  5 wights (D:11)
  A howler monkey (D:11)
  6 crimson imps
  2 jellies
  A quasit (D:11)
  An iron imp (D:7)
  A centaur skeleton (D:11)
  10 orc priests
  4 hounds
  Crazy Yiuf (D:7)
  3 bullfrog skeletons
  5 iguanas
  9 orc wizards
  11 worker ants
  A hound zombie (D:8)
  2 hound skeletons
  5 gnolls
  15 adders
  A river rat (Sewer)
  A shadow imp (D:6)
  6 white imps (IceCv)
  7 ufetubi (IceCv)
  2 oozes
  3 adder skeletons
  6 worms
  4 dart slugs
  10 leopard geckos
  62 orcs
  12 giant cockroaches
  9 goblins
  8 hobgoblins
  10 jackals
  5 quokkas
  2 ball pythons
  9 bats
  3 frilled lizards
  2 goblin skeletons (D:7)
  2 hobgoblin zombies (D:7)
  A jackal zombie (D:5)
  13 kobolds
  A kobold skeleton (D:7)
  A kobold zombie (D:7)
  2 orc skeletons (D:7)
  An orc zombie (D:7)
  2 quokka skeletons (D:4)
  A quokka zombie (D:9)
  7 rats
365 creatures vanquished.

Vanquished Creatures (collateral kills)
  An oklob plant (D:11)
  A plant (D:11)
2 creatures vanquished.

Vanquished Creatures (others)
  A reaper (IceCv)
  2 slaves (D:6)
  3 white imps (IceCv)
  2 ufetubi (IceCv)
8 creatures vanquished.

Grand Total: 375 creatures vanquished

Notes
Turn   | Place    | Note
-------+----------+-------------------------------------------
     0 | D:1      | wojtek the Minotaur Fighter began the quest for the Orb.
     0 | D:1      | Reached XP level 1. HP: 19/19 MP: 0/0
     9 | D:1      | Reached skill level 3 in Axes
    36 | D:1      | Reached XP level 2. HP: 26/26 MP: 1/1
   155 | D:1      | Reached skill level 4 in Axes
   297 | D:1      | Reached XP level 3. HP: 26/31 MP: 2/2
   445 | D:2      | Reached skill level 5 in Axes
   489 | D:2      | Reached XP level 4. HP: 32/39 MP: 3/3
   517 | D:2      | Found a shadowy altar of Dithmenos.
   702 | D:2      | Found a burning altar of Makhleb.
   779 | D:2      | Became a worshipper of Makhleb the Destroyer
  1178 | D:3      | Reached skill level 6 in Axes
  1178 | D:3      | Reached skill level 1 in Invocations
  1178 | D:3      | Reached XP level 5. HP: 43/45 MP: 3/5
  1298 | D:3      | Reached * piety under Makhleb
  1620 | D:3      | Found a white marble altar of Elyvilon.
  1834 | D:3      | Found a deep blue altar of Sif Muna.
  2035 | D:4      | Reached XP level 6. HP: 51/51 MP: 7/7
  2069 | D:4      | Reached skill level 7 in Axes
  2106 | D:4      | Got a clouded golden ring
  2116 | D:4      | Identified the ring of Rarghe {MR+ Int-3 Dex+8 SInv} (You found it on level 4 of the Dungeon)
  2137 | D:4      | Reached ** piety under Makhleb
  2182 | D:4      | Reached XP level 7. HP: 57/57 MP: 9/9
  2236 | D:4      | Found a snail-covered altar of Cheibriados.
  2271 | D:4      | Found a radiant altar of Vehumet.
  2273 | D:4      | Found a hazy altar of Hepliaklqana.
  2425 | D:4      | Found a blossoming altar of Fedhas.
  2433 | D:4      | Reached skill level 8 in Axes
  2544 | D:5      | Entered Level 5 of the Dungeon
  2577 | D:5      | Reached skill level 5 in Invocations
  2603 | D:5      | Found an opulent altar of Gozag.
  2671 | D:5      | Found an ancient bone altar of Kikubaaqudgha.
  2739 | D:5      | Found a staircase to the Ecumenical Temple.
  3169 | D:6      | Reached skill level 9 in Axes
  3169 | D:6      | Reached XP level 8. HP: 58/64 MP: 11/11
  3182 | D:6      | Noticed Sigmund
  3197 | D:6      | Killed Sigmund
  3198 | D:6      | Noticed Pikel
  3202 | D:6      | Killed Pikel
  3202 | D:6      | Reached skill level 1 in Dodging
  3202 | D:6      | Reached skill level 1 in Evocations
  3275 | D:6      | Reached *** piety under Makhleb
  3340 | D:6      | Found a glowing drain.
  3356 | Sewer    | Entered a sewer
  3499 | Sewer    | Found a white marble altar of Elyvilon.
  3600 | D:6      | Reached XP level 9. HP: 72/72 MP: 12/12
  4275 | D:7      | Noticed Menkaure
  4299 | D:6      | Reached skill level 10 in Axes
  4299 | D:6      | Reached skill level 5 in Armour
  4299 | D:6      | Reached skill level 5 in Shields
  4309 | D:6      | Reached skill level 5 in Fighting
  4325 | D:7      | Killed Menkaure
  4547 | D:7      | Found a shattered altar of Ashenzari.
  4593 | D:7      | Noticed Prince Ribbit
  4603 | D:7      | Killed Prince Ribbit
  4751 | D:7      | Reached **** piety under Makhleb
  4937 | D:7      | Found a glowing golden altar of the Shining One.
  5034 | D:7      | Found a runed door.
  5345 | D:7      | Noticed Crazy Yiuf
  5349 | D:7      | Killed Crazy Yiuf
  5405 | D:8      | Reached XP level 10. HP: 82/83 MP: 14/14
  6117 | D:9      | Found a shimmering altar of Xom.
  6117 | D:9      | Found a shimmering altar of Xom.
  6117 | D:9      | Found a shimmering altar of Xom.
  6117 | D:9      | Found a shimmering altar of Xom.
  6118 | D:9      | Found a shimmering altar of Xom.
  6171 | D:9      | Reached ***** piety under Makhleb
  6189 | D:9      | Reached skill level 5 in Dodging
  6912 | D:10     | Entered Level 10 of the Dungeon
  6935 | D:10     | Found Qisiti's Weapon Shoppe.
  6960 | D:10     | Reached skill level 11 in Axes
  6995 | D:10     | Found Abakagag's Antique Armour Shop.
  7005 | D:10     | Bought a pair of faintly humming gloves for 247 gold pieces
  7005 | D:10     | Bought a shiny large shield for 195 gold pieces
  7015 | D:10     | Identified the +2 pair of gloves of Weightlessness {rN+ Str+5 Stlth+} (You bought it in a shop on level 10 of the Dungeon)
  7112 | D:10     | Noticed an unseen horror
  7118 | D:10     | Killed an unseen horror
  7118 | D:10     | Reached XP level 11. HP: 75/92 MP: 16/16
  7725 | D:11     | Found a huge runed gate.
  7725 | D:11     | Found a huge runed gate.
  7739 | D:11     | Reached skill level 5 in Evocations
  7745 | D:11     | Found a huge runed gate.
  7754 | D:11     | Found a huge runed gate.
  7893 | D:11     | Found a staircase to the Orcish Mines.
  7922 | D:11     | Found Kuodghem's Assorted Antiques.
  7934 | D:11     | Found a staircase to the Lair.
  8296 | D:11     | Noticed an oklob plant
  8554 | D:11     | Killed an oklob plant
  8567 | Lair:1   | Entered Level 1 of the Lair of Beasts
  8830 | Lair:1   | Found a frozen archway.
  8849 | IceCv    | Entered an ice cave
  9117 | IceCv    | Killed a reaper
  9315 | IceCv    | Identified a +2 pair of boots of running (You found it in an ice cave)
  9382 | IceCv    | Engulfed by a cloud of freezing vapour

Skill      XL: |  1  2  3  4  5  6  7  8  9 10 11 |
---------------+----------------------------------+-----
Axes           | 3 4 5 6 7 9 10 11 | 11.7
Invocations    | 1 2 4 5 6 7 8 |  8.9
Fighting       | 4 5 7 8 |  8.3
Armour         | 4 6 7 8 |  8.3
Dodging        | 2 4 5 6 |  6.6
Shields        | 4 6 7 8 |  8.2
Evocations     | 1 3 4 5 |  5.6

Action                   |  1- 3 |  4- 6 |  7- 9 | 10-12 || total
-------------------------+-------+-------+-------+-------++-------
Melee: War axe           |    75 |   166 |   348 |   445 ||  1034
       Headbutt          |     6 |    30 |    82 |   135 ||   253
Invok: Lesser Servant of |       |       |       |     2 ||     2
Evoke: Wand              |       |     1 |     4 |       ||     5
       Lamp of fire      |       |       |       |     1 ||     1
  Use: Scroll            |       |       |     3 |    12 ||    15
       Potion            |       |       |     1 |     1 ||     2
  Eat: Chunk             |       |     5 |    13 |    13 ||    31
Armor: Scale mail        |    13 |       |       |       ||    13
       Chain mail        |    28 |    98 |   110 |   120 ||   356
Dodge: Dodged            |    14 |    38 |    51 |   117 ||   220
Block: Shield            |    43 |    97 |   166 |    32 ||   338
       Large shield      |       |       |       |   375 ||   375
